 Dungeon Crawl Stone Soup version 0.20.0-10-g0535bb4 (webtiles) character file.

68 tilp the Firebug (level 4, -1/33 HPs)
             Began as a Hill Orc Fire Elementalist on June 6, 2017.
             Slain by a hobgoblin (5 damage)
             ... led by Robin
             ... on level 2 of the Dungeon.
             The game lasted 00:05:00 (1490 turns).

tilp the Firebug (Hill Orc Fire Elementalist)       Turns: 1490, Time: 00:05:01

Health: -1/33      AC:  1    Str: 10    XL:     4   Next: 19%
Magic:  1/7        EV: 12    Int: 16    God:
Gold:   85         SH:  0    Dex: 11    Spells: 4/7 levels left

rFire    . . .     SeeInvis +   h - +0 dagger (protect)
rCold    . . .     Gourm    .   (no shield)
rNeg     . . .     Faith    .   (no armour)
rPois    .         Spirit   .   l - +0 helmet {SInv}
rElec    .         Reflect  .   (no cloak)
rCorr    .         Harm     .   (no gloves)
MR       .....                  (no boots)
Stlth    ++........             (no amulet)
Regen    0.2/turn               (no ring)
MPRegen  0.1/turn               (no ring)

@: very slightly contaminated
A: no striking features
a: no special abilities


You were on level 2 of the Dungeon.
You were not hungry.

You visited 1 branch of the dungeon, and saw 2 of its levels.

You collected 85 gold pieces.

Inventory:

Hand Weapons
 h - a +0 dagger of protection (weapon)
Armour
 a - a +0 robe
 k - a +2 animal skin
 l - a +0 helmet of see invisible (worn)
Scrolls
 d - 4 scrolls of identify {unknown}
 e - a scroll of fear {unknown}
 f - a scroll of enchant weapon {unknown}
 i - a scroll of immolation {unknown}
Potions
 j - a potion of flight {unknown}
Books
 b - a book of Flames

   Spells                             Type                      Level
   a - Flame Tongue                   Conjuration/Fire             1
   b - Throw Flame                    Conjuration/Fire             2
   c - Conjure Flame                  Conjuration/Fire             3
   d - Inner Flame                    Hexes/Fire                   3
   e - Sticky Flame                   Conjuration/Fire             4
   f - Fireball                       Conjuration/Fire             5
Comestibles
 c - 2 bread rations
 g - 8 chunks of flesh


   Skills:
 + Level 1.0 Short Blades
 - Level 1.5 Dodging
 - Level 1.5 Stealth
 * Level 2.1 Spellcasting
 * Level 2.2 Conjurations
 + Level 4.0 Fire Magic


You had 4 spell levels left.
You knew the following spells:

 Your Spells              Type           Power        Failure   Level  Hunger
a - Flame Tongue          Conj/Fire      ##...        5%          1    #......
b - Throw Flame           Conj/Fire      ##....       9%          2    ###....


Dungeon Overview and Level Annotations

Branches:
Dungeon (2/15)

Altars:


Message History

Casting: Flame Tongue
Confirm with . or Enter, or press ? or * to list all spells.
Aiming: Flame Tongue
Press: ? - help, Shift-Dir - straight line, f/p - goblin
Aim: a goblin, wielding a club (moderately wounded)
You miscast Flame Tongue.
You are very lightly contaminated with residual magic.
Nothing appears to happen.
The goblin closely misses you.
Casting: Flame Tongue
Confirm with . or Enter, or press ? or * to list all spells.
Aiming: Flame Tongue
Press: ? - help, Shift-Dir - straight line, f/p - goblin
Aim: a goblin, wielding a club (moderately wounded)
The flame tongue hits the goblin.
The goblin is severely wounded.
The goblin hits you with a club. The goblin hits you with a club.
* * * LOW HITPOINT WARNING * * *
The hobgoblin hits you.
You die...

############
##.#[..@g.[.#
#######..#....g...#
..................#
..#####.##........#
#####......########
#.......####
...###.### #.#
###.#


You could see a hobgoblin and a goblin.

Vanquished Creatures
  Robin (D:2)
  A gnoll (D:1)
  2 dart slugs (D:1)
  2 leopard geckos (D:1)
  5 bats
  2 giant cockroaches
  8 goblins
  4 hobgoblins
  3 frilled lizards (D:1)
  8 kobolds
  3 rats
39 creatures vanquished.

Notes
Turn   | Place    | Note
-------+----------+-------------------------------------------
     0 | D:1      | tilp the Hill Orc Fire Elementalist began the quest for the Orb.
     0 | D:1      | Reached XP level 1. HP: 14/14 MP: 3/3
   329 | D:1      | Reached XP level 2. HP: 17/20 MP: 1/4
   702 | D:1      | Reached XP level 3. HP: 25/26 MP: 2/5
   720 | D:1      | Learned a level 2 spell: Throw Flame
  1343 | D:2      | Noticed Robin
  1435 | D:2      | Killed Robin
  1435 | D:2      | Reached skill level 1 in Short Blades
  1435 | D:2      | Reached skill level 4 in Fire Magic
  1435 | D:2      | Reached XP level 4. HP: 20/33 MP: 0/7
  1490 | D:2      | Slain by a hobgoblin

Skill      XL: |  1  2  3 |
---------------+----------+-----
Conjurations   | 2 |  2.2
Spellcasting   | 2 |  2.1
Short Blades   | 1 |  1.0
Fire Magic     | 4 |  4.0
Dodging        | |  1.5
Stealth        | |  1.5

Action                   |  1- 3 |  4- 6 || total
-------------------------+-------+-------++-------
Melee: Whip              |     9 |       ||     9
       Dagger            |   131 |    10 ||   141
 Cast: Flame Tongue      |    19 |     5 ||    24
       Throw Flame       |     1 |       ||     1
 Stab: Sleeping          |     2 |       ||     2
  Eat: Meat ration       |     1 |       ||     1
Armor: Robe              |    52 |     4 ||    56
       Skin              |       |     1 ||     1
Dodge: Dodged            |   117 |    13 ||   130
